 Dungeon Crawl Stone Soup version 0.20-a0-959-gdc9e609 (webtiles) character file.

691 AlphabetPasta the Stinger (level 7, -16/46 HPs)
             Began as a Mummy Venom Mage on Apr 6, 2017.
             Was an Initiate of Ashenzari.
             Demolished by Menkaure (22 damage)
             ... on level 5 of the Dungeon on Apr 7, 2017.
             The game lasted 00:31:14 (5625 turns).

AlphabetPasta the Stinger (Mummy Venom Mage)        Turns: 5625, Time: 00:31:15

Health: -16/46     AC:  4    Str: 12    XL:     7   Next: 36%
Magic:  14/14      EV: 12    Int: 16    God:    Ashenzari [......]
Gold:   177        SH:  0    Dex: 12    Spells: 5/15 levels left

rFire    . . .     SeeInvis .   n - +0 broad axe
rCold    . . .     Gourm    .   (no shield)
rNeg     + + +     Faith    .   a - +0 robe
rPois    ∞         Spirit   .   h - +0 helmet
rElec    .         Reflect  .   j - +0 cloak
rCorr    .         Harm     .   (no gloves)
MR       .....                  (no boots)
Stlth    ++........             f - amulet of regeneration
Regen    0.6/turn               g - ring of fire
MPRegen  0.2/turn               (no ring)

@: no status effects
A: no food or potions, fire vulnerability, cold resistance 1, negative energy
resistance 3, torment resistance, unbreathing
a: Curse Item, Renounce Religion


You were on level 5 of the Dungeon.
You worshipped Ashenzari.
Ashenzari was noncommittal.
You were not hungry.

You visited 1 branch of the dungeon, and saw 5 of its levels.
You also visited: Sewer.

You collected 177 gold pieces.

Inventory:

Hand Weapons
 c - a +0 short sword
 m - a +2 dagger of venom
 n - a +0 broad axe (weapon)
 q - a +2 hand axe of chopping
Missiles
 i - 5 javelins (quivered)
Armour
 a - a +0 robe (worn)
 h - a +0 helmet (worn)
 j - a +0 cloak (worn)
Jewellery
 e - an uncursed ring of ice
 f - an amulet of regeneration (around neck)
 g - a ring of fire (left hand)
Wands
 o - a wand of disintegration (0/24)
Scrolls
 d - a scroll of magic mapping
 k - a scroll of teleportation
 l - a scroll of blinking
 p - a scroll of identify
Books
 b - a Young Poisoner's Handbook

   Spells                             Type                      Level
   a - Sting                          Conjuration/Poison           1
   b - Poisonous Vapours              Poison/Air                   2
   c - Mephitic Cloud                 Conjuration/Poison/Air       3
   d - Olgreb's Toxic Radiance        Poison                       4
   e - Venom Bolt                     Conjuration/Poison           5


   Skills:
 + Level 0.7 Axes
 - Level 1.5 Dodging
 - Level 1.5 Stealth
 + Level 4.8 Spellcasting
 + Level 4.0 Conjurations
 * Level 5.0 Poison Magic


You had 5 spell levels left.
You knew the following spells:

 Your Spells              Type           Power        Failure   Level  Hunger
a - Sting                 Conj/Pois      ###.         2%          1    N/A
b - Poisonous Vapours     Pois/Air       ##....       10%         2    N/A
c - Mephitic Cloud        Conj/Pois/Air  ##......     14%         3    N/A
d - Olgreb's Toxic Radia  Pois           ###.....     21%         4    N/A

Dungeon Overview and Level Annotations

Branches:
Dungeon (5/15)             Temple (0/1) D:4

Altars:
Ashenzari
Cheibriados
Elyvilon
Qazlal
Vehumet

Annotations:
D:5 Menkaure


Innate Abilities, Weirdness & Mutations

You do not eat or drink.
Your flesh is vulnerable to fire.
You are immune to poison.
Your flesh is cold resistant. (rC+)
You are immune to negative energy. (rN+++)
You are immune to unholy pain and torment.
You can survive without breathing.


Message History

Menkaure shouts!
You can't drink.
Evoke which item? (* to show all) (? for menu, Esc to quit)
Aiming: Disintegrate (will waste charges)
Press: ? - help, Shift-Dir - straight line, f - Menkaure
Aim: Menkaure (chance to defeat MR: 65%) Nothing appears to happen.
You slash Menkaure!
Menkaure is heavily damaged.
Menkaure casts a spell.
Menkaure seems to speed up.
You slash Menkaure!
Menkaure is almost destroyed.
Menkaure hits you!! Menkaure hits you.
You barely miss Menkaure.
Menkaure is almost destroyed.
Menkaure hits you!!
* * * LOW HITPOINT WARNING * * *
Menkaure hits you!!
You die...

#...# ##............
#....###..##.........
#....#..###.........
#.....####..........
##...## #........!.
##...## #.......... ^
#.....# #..........
....##....##
#.......<..
.......@...#
#.......[[.
.##...M....#
#..........
#........#
###......).
##...#....# ###......
#.........# ####...
#...........# ####
#...........# #.....
.##...


You could see Menkaure.

Vanquished Creatures
  An ogre (D:3)
  A big kobold (Sewer)
  A water moccasin skeleton (D:4)
  A centaur skeleton (D:4)
  2 orc priests (D:4)
  2 orc wizards
  An iguana (D:4)
  A worker ant (D:4)
  A statue (D:4)
  A worker ant zombie (D:4)
  3 gnolls (D:3)
  4 adders
  4 river rats (Sewer)
  2 oozes
  5 worms
  A dart slug (D:2)
  2 leopard geckos
  28 orcs
  3 ball pythons
  4 giant cockroaches
  5 goblins
  7 hobgoblins
  14 jackals
  8 kobolds
  A quokka (D:4)
  4 bats
  4 frilled lizards
  A jackal skeleton (D:4)
  2 leopard gecko skeletons (D:4)
  A quokka skeleton (D:4)
  11 rats
126 creatures vanquished.

Notes
Turn   | Place    | Note
-------+----------+-------------------------------------------
     0 | D:1      | AlphabetPasta the Mummy Venom Mage began the quest for the Orb.
     0 | D:1      | Reached XP level 1. HP: 13/13 MP: 4/4
    24 | D:1      | Reached skill level 1 in Conjurations
   428 | D:1      | Reached XP level 2. HP: 19/19 MP: 3/5
   432 | D:1      | Learned a level 2 spell: Poisonous Vapours
  1031 | D:2      | Reached XP level 3. HP: 24/24 MP: 0/7
  1416 | D:2      | Learned a level 3 spell: Mephitic Cloud
  1434 | D:2      | Reached skill level 3 in Poison Magic
  1680 | D:3      | Noticed an ogre
  1696 | D:3      | Killed an ogre
  1696 | D:3      | Reached XP level 4. HP: 30/30 MP: 0/9
  1702 | D:3      | Learned a level 4 spell: Olgreb's Toxic Radiance
  1981 | D:2      | Reached XP level 5. HP: 32/35 MP: 6/10
  2097 | D:3      | Found a glowing drain.
  2141 | Sewer    | Entered a sewer
  2611 | Sewer    | Reached skill level 4 in Poison Magic
  2611 | Sewer    | Reached XP level 6. HP: 41/41 MP: 0/12
  3752 | D:3      | Found a shattered altar of Ashenzari.
  3760 | D:3      | Became a worshipper of Ashenzari the Shackled
  4046 | D:4      | Found a snail-covered altar of Cheibriados.
  4273 | D:4      | Found a white marble altar of Elyvilon.
  4423 | D:4      | Reached XP level 7. HP: 9/46 MP: 5/13
  4507 | D:4      | Found a stormy altar of Qazlal.
  4511 | D:4      | Noticed an air elemental
  4511 | D:4      | Noticed a water elemental
  4511 | D:4      | Noticed a fire elemental
  4785 | D:4      | Found a staircase to the Ecumenical Temple.
  5031 | D:4      | Found a radiant altar of Vehumet.
  5041 | D:4      | Reached skill level 5 in Poison Magic
  5509 | D:5      | Entered Level 5 of the Dungeon
  5619 | D:5      | Noticed Menkaure
  5625 | D:5      | Demolished by Menkaure

Vault maps used:
D:1:      minmay_arrival_doors
D:2:      first_bread, minmay_item_behind_shaft, kennysheep_boxes
D:3:      lemuel_coloured_pillars_altar, gup_sewer_entry_glass
D:4:      vehumet_statue, elyvilon_altar_3, lemuel_round_altar,
          nicolae_qazlal_style_of_elements, minmay_temple_entry_statues
D:5:      kennysheep_steamy, uniq_menkaure, uniq_sigmund
Sewer:    sewer_co_15_rooms

Skill      XL: |  1  2  3  4  5  6  7 |
---------------+----------------------+-----
Conjurations   | 1 2 3 4 |  4.0
Spellcasting   | 3 4 |  4.8
Poison Magic   | 3 4 5 |  5.0
Axes           | |  0.7
Dodging        | |  1.5
Stealth        | |  1.5

Action                   |  1- 3 |  4- 6 |  7- 9 || total
-------------------------+-------+-------+-------++-------
Melee: Short sword       |    15 |    61 |       ||    76
       Broad axe         |       |    21 |    52 ||    73
       Dagger            |       |     7 |       ||     7
Throw: Javelin           |       |       |     3 ||     3
 Cast: Sting             |    37 |     5 |     7 ||    49
       Poisonous Vapours |    12 |   102 |    25 ||   139
Evoke: Wand              |       |       |     4 ||     4
  Use: Scroll            |     5 |     6 |     1 ||    12
 Stab: Sleeping          |     1 |       |       ||     1
Armor: Robe              |     1 |    22 |    12 ||    35
Dodge: Dodged            |     9 |    68 |    40 ||   117
